 Dungeon Sprint DCSS version 0.21.2 (webtiles) character file.

165 Fang the Skirmisher (level 5, -9/39 HPs)
             Began as a Gargoyle Berserker on Sept 27, 2018.
             Was a High Priest of Trog.
             Mangled by an ogre
             ... wielding a +0 giant club
              (21 damage)
             ... in the Dungeon (Sprint VII: "The Pits").
             The game lasted 00:01:10 (597 turns).

Fang the Skirmisher (Gargoyle Berserker)             Turns: 597, Time: 00:01:10

Health: -9/39      AC: 17    Str: 21    XL:     5   Next: 46%
Magic:  5/5        EV:  7    Int:  8    God:    Trog [*****.]
Gold:   0          SH:  0    Dex:  9    Spells: 4/4 levels left

rFire    . . .     SeeInvis .   n - +2 hand axe (chop)
rCold    . . .     Gourm    .   (no shield)
rNeg     + . .     Faith    .   o - +2 plate armour
rPois    ∞         Spirit   .   (no helmet)
rElec    +         Reflect  .   (no cloak)
rCorr    .         Harm     .   (no gloves)
MR       .....     NoTele   +   (no boots)
Stlth    ..........             (no amulet)
HPRegen  0.13/turn              (no ring)
MPRegen  0.09/turn              (no ring)

@: berserk cooldown, slowed, very slow
A: negative energy resistance 1, electricity resistance, unbreathing,
petrification resistance, rot immunity, AC +4
a: Berserk, Trog's Hand, Brothers in Arms, Burn Spellbooks, Renounce Religion


You were in the Dungeon.
You worshipped Trog.
Trog was extremely pleased with you.
You were not hungry.

You visited 1 branch

Inventory:

Hand Weapons
 j - a +2 hand axe
 n - a +2 hand axe of chopping (weapon)
Armour
 o - a +2 plate armour (worn)
Scrolls
 i - a scroll of blinking
 k - 3 scrolls of remove curse
 l - a scroll of summoning
Potions
 a - 2 potions of invisibility
 d - 6 potions of curing
 e - 6 potions of heal wounds
 f - a potion of haste
 g - 4 potions of magic
 h - 3 potions of berserk rage
Comestibles
 c - 9 rations


   Skills:
 + Level 7.6 Fighting
 + Level 6.7 Axes
 + Level 3.7 Armour
 + Level 3.7 Dodging
 + Level 1.8 Stealth


You had 4 spell levels left.
You didn't know any spells.

Dungeon Overview and Level Annotations

Branches:
Dungeon (1/1)

Altars:
Cheibriados
Dithmenos
Elyvilon
Fedhas
Gozag
Hepliaklqana
Makhleb
Nemelex Xobeh
Okawaru
Qazlal
Ru
Sif Muna
Trog
Vehumet
Wu Jian
Xom
Yredelemnul
Zin
The Shining One
Beogh
Jiyva
Lugonu


Innate Abilities, Weirdness & Mutations

You are resistant to torment.
Your stone body is resilient. (AC +4)
You are immune to poison.
You resist negative energy. (rN+)
You are resistant to electric shocks. (rElec)
You can survive without breathing.
You are immune to petrification.
You are immune to rotting.


Message History

You hit the ogre.
The ogre is lightly wounded.
The ogre hits you with a giant club!!
You hit the ogre.
The ogre is moderately wounded.
The ogre hits you with a giant club!
You are too injured to fight recklessly!
You are too injured to fight recklessly!
You are too injured to fight recklessly!
You are too injured to fight recklessly!
You are too injured to fight recklessly!
You are too injured to fight recklessly!
You are too injured to fight recklessly!
You are too injured to fight recklessly!
Unknown command.
You hit the ogre.
The ogre is heavily wounded.
The ogre hits you with a giant club!!
Ouch! That really hurt!
You die...

#.#.....÷..##......
#.#........##......
#.#####'#####...<..
#.#..[)))..##......
#.#..[))...##......
#'###########......
#..#.#.## #######
#.%†....# ##@#.#.##
#..Os...# ##.#.#.##
.......# #.#.#..+
########


You could see an ogre and a scorpion.

Vanquished Creatures
  A porcupine (D)
  A worker ant (D)
  An adder (D)
  A river rat (D)
  An ooze (D)
  An adder skeleton (D)
  2 leopard geckos (D)
  A bat zombie (D)
  A giant cockroach (D)
  4 jackals (D)
  2 bats (D)
16 creatures vanquished.

Notes
Turn   | Place    | Note
-------+----------+-------------------------------------------
     0 | D        | Fang the Gargoyle Berserker began the quest for the Orb.
     0 | D        | Reached XP level 1. HP: 14/14 MP: 1/1
    22 | D        | Found a bloodstained altar of Trog.
    22 | D        | Found a deep blue altar of Sif Muna.
    22 | D        | Found a viscous altar of Jiyva.
    22 | D        | Found a hazy altar of Hepliaklqana.
    22 | D        | Found an opulent altar of Gozag.
    23 | D        | Found a glowing golden altar of the Shining One.
    23 | D        | Found a glowing silver altar of Zin.
    23 | D        | Found a basalt altar of Yredelemnul.
    23 | D        | Found a shimmering altar of Xom.
    23 | D        | Found an ornate altar of the Wu Jian Council.
    23 | D        | Found a sacrificial altar of Ru.
    23 | D        | Found a stormy altar of Qazlal.
    23 | D        | Found an iron altar of Okawaru.
    23 | D        | Found a sparkling altar of Nemelex Xobeh.
    23 | D        | Found a burning altar of Makhleb.
    23 | D        | Found a blossoming altar of Fedhas.
    23 | D        | Found a white marble altar of Elyvilon.
    23 | D        | Found a shadowy altar of Dithmenos.
    23 | D        | Found a snail-covered altar of Cheibriados.
    25 | D        | Found a radiant altar of Vehumet.
    25 | D        | Found a corrupted altar of Lugonu.
    25 | D        | Found a roughly hewn altar of Beogh.
    71 | D        | Reached skill level 4 in Fighting
    73 | D        | Reached ** piety under Trog
   145 | D        | Noticed a worker ant
   151 | D        | Killed a worker ant
   151 | D        | Reached skill level 5 in Fighting
   151 | D        | Reached XP level 2. HP: 11/21 MP: 2/2
   151 | D        | Reached XP level 3. HP: 15/26 MP: 3/3
   446 | D        | Reached *** piety under Trog
   556 | D        | Reached **** piety under Trog
   583 | D        | Noticed a porcupine
   586 | D        | Killed a porcupine
   586 | D        | Reached skill level 7 in Fighting
   586 | D        | Reached skill level 1 in Stealth
   586 | D        | Reached XP level 4. HP: 34/34 MP: 4/4
   586 | D        | Reached XP level 5. HP: 38/38 MP: 5/5
   591 | D        | Reached ***** piety under Trog
   592 | D        | Noticed an ogre
   597 | D        | Mangled by an ogre

Skill      XL: |  1  2  3 |
---------------+----------+-----
Axes           | 4 6 |  6.7
Fighting       | 5 7 |  7.6
Dodging        | 2 3 |  3.7
Armour         | 3 |  3.7
Stealth        | 1 |  1.8

Action                   |  1- 3 |  4- 6 || total
-------------------------+-------+-------++-------
Melee: Hand axe          |    26 |     5 ||    31
Invok: Berserk           |     3 |       ||     3
 Stab: Sleeping          |     1 |       ||     1
  Eat: Chunk             |     1 |     1 ||     2
Armor: Animal skin       |    11 |       ||    11
       Plate armour      |    13 |       ||    13
Dodge: Dodged            |    20 |       ||    20
